 Dungeon Crawl Stone Soup version 0.32-a0-871-ge202e49faa (webtiles) character file.

Game seed: 15587247473761464961

301634 Turgor the Scorcher (level 20, -10/153 HPs)
             Began as a Demonspawn Fire Elementalist on Mar 25, 2024.
             Was the Champion of Vehumet.
             Mangled by a searing wretch (18 damage)
             ... led by Margery
             ... on level 2 of the Vaults on Mar 29, 2024.
             The game lasted 05:02:09 (45464 turns).

Turgor the Scorcher (Demonspawn Fire Elementalist) Turns: 45464, Time: 05:02:10

Health: -10/153    AC: 15    Str: 19    XL:     20   Next: 19%
Magic:  0/48       EV: 15    Int: 27    God:    Vehumet [******]
Gold:   2494       SH:  7    Dex: 14    Spells: 4/49 levels left

rFire   . . .        i - staff of fire
rCold   . . .        g - +2 buckler {rPois}
rNeg    . . .        H - +0 robe of Winter {Rampage rElec Int-3 Archmagi}
rPois   +            A - +3 crown of Dyrovepreva {rElec Int+2 SInv}
rElec   +            (cloak unavailable)
rCorr   .            M - +2 pair of gloves {Str+3}
SInv    +            w - +0 pair of boots {Fly}
Will    ++...        o - amulet "Xakichij" {Acrobat Str+3}
Stlth   ++++         E - +6 ring of intelligence
HPRegen 0.45/turn    L - ring of Gekh {Wiz MP+9 Str+2 Slay+3}
MPRegen 0.62/turn

%: acrobat, guardian spirit, rampage, wizardry (x1), archmagi
@: fire vulnerable, sanguine armoured, flying, wreathed by umbra
A: torment resistance 1, magic shield, magic regeneration, sanguine armour 1,
demonic willpower, weakness stinger 3, foul shadow 3
}: 2/15 runes: serpentine, barnacled
a: Renounce Religion


You were on level 2 of the Vaults.
You worshipped Vehumet.
Vehumet was exalted by your worship.
You visited 7 branches of the dungeon, and saw 34 of its levels.
You also visited: Bailey.

You collected 4554 gold pieces.
You spent 2060 gold pieces at shops.

Inventory:

Hand Weapons
 J - the +8 morningstar of Ydidaxt {elec, rC+ SInv}
   (You took it off a centaur warrior on level 15 of the Dungeon)

   rC+:       It protects you from cold.
   SInv:      It lets you see invisible.
Missiles
 N - 14 curare-tipped darts
Armour
 g - a +2 buckler of poison resistance (worn)
 w - a +0 pair of boots of flying (worn)
 A - the +3 crown of Dyrovepreva (worn) {rElec Int+2 SInv}
   (You bought it in a shop on level 2 of the Elven Halls)

   Int+2:     It affects your intelligence (+2).
   rElec:     It insulates you from electricity.
   SInv:      It lets you see invisible.
 H - the +0 robe of Winter (worn) {Rampage rElec Int-3 Archmagi}
   (You found it on level 7 of the Dungeon)

   Int-3:     It affects your intelligence (-3).
   rElec:     It insulates you from electricity.
   Rampage:   It bestows one free step when moving towards enemies.
   Archmagi:  It increases the power of your magical spells.
 M - a +2 pair of gloves of strength (worn)
Magical Staves
 i - a staff of fire (weapon)
 j - the staff of Guodoumn {rF+ rC+ rN+ rCorr Necro}
   (You found it on level 4 of the Shoals)

   [staff of death]

   Base accuracy: +5 Base damage: 5 Base attack delay: 1.2 This weapon's minimum
   attack delay (0.6) is reached at skill level 12.
   rF+:       It protects you from fire.
   rC+:       It protects you from cold.
   rN+:       It protects you from negative energy.
   rCorr:     It protects you from acid and corrosion.
   Necro:     It increases the power of your Necromancy spells.
   It falls into the 'Staves' category.
   It is a one-handed weapon.
 D - the staff "Ejol" {Will++ Dex+3 Stlth+ Conj Ice}
   (You found it on level 4 of the Shoals)

   [staff of conjuration]

   Base accuracy: +5 Base damage: 5 Base attack delay: 1.2 This weapon's minimum
   attack delay (0.6) is reached at skill level 12.
   Dex+3:     It affects your dexterity (+3).
   Will++:    It greatly increases your willpower.
   Stlth+:    It makes you more stealthy.
   Conj:      It increases the power of your Conjurations spells.
   Ice:       It increases the power of your Ice spells.
   It falls into the 'Staves' category.
   It is a one-handed weapon.
Jewellery
 f - a ring of resist corrosion
 l - a +6 ring of strength
 n - a ring of see invisible
 o - the amulet "Xakichij" (around neck) {Acrobat Str+3}
   (You found it on level 1 of the Snake Pit)

   [amulet of the acrobat]

   Acrobat:   It increases your evasion while moving and waiting.
   Str+3:     It affects your strength (+3).
 E - a +6 ring of intelligence (left hand)
 L - the ring of Gekh (right hand) {Wiz MP+9 Str+2 Slay+3}
   (You took it off a centaur warrior on level 15 of the Dungeon)

   [ring of wizardry]

   Wiz:       It improves your spell success rate.
   Str+2:     It affects your strength (+2).
   Slay+3:    It affects your accuracy & damage with ranged weapons and melee
   (+3).
   MP+9:      It affects your magic capacity (+9).
Wands
 m - a wand of polymorph (8)
 y - a wand of mindburst (18)
 F - a wand of paralysis (17)
 P - a wand of warping (5)
 Z - a wand of quicksilver (4)
Scrolls
 a - 2 scrolls of poison
 d - a scroll of revelation
 e - 6 scrolls of teleportation
 k - a scroll of blinking
 v - 4 scrolls of enchant armour
 B - 2 scrolls of enchant weapon
 R - a scroll of vulnerability
 S - 7 scrolls of fog
 X - 3 scrolls of brand weapon
Potions
 b - 2 potions of magic
 c - 6 potions of curing
 p - 5 potions of brilliance
 q - 6 potions of enlightenment
 r - 5 potions of mutation
 u - 5 potions of cancellation
 I - a potion of heal wounds
 U - 3 potions of invisibility
 W - 4 potions of haste
Miscellaneous
 h - a phial of floods
 C - a condenser vane
 G - a phantom mirror
 V - a lightning rod (4/4)


   Skills:
 - Level 12.0 Fighting
 - Level 9.0 Dodging
 - Level 5.0 Stealth
 - Level 5.0 Shields
 - Level 15.0 Spellcasting
 + Level 15.8 Conjurations
 - Level 9.0 Translocations
 + Level 16.9 Fire Magic
 - Level 12.0 Air Magic
 - Level 10.0 Alchemy


You had 4 spell levels left.
You knew the following spells:

 Your Spells              Type           Power      Damage    Failure   Level
a - Fireball              Conj/Fire      64%        3d24      1%          5
b - Blink                 Tloc           100%       N/A       1%          2
c - Volatile Blastmotes   Fire/Tloc      100%       2d18      1%          3
d - Plasma Beam           Fire/Air       61%        2x1d77    1%          6
e - Ignite Poison         Fire/Alch      100%       N/A       1%          4
f - Fulminant Prism       Conj/Alch      47%        3d20      1%          4
g - Passage of Golubria   Tloc           80%        N/A       1%          4
h - Irradiate             Conj/Alch      47%        3d27      1%          5
i - Fire Storm            Conj/Fire      64%        8d16      32%         9
s - Scorch                Fire           100%       2d9       0%          2
z - Foxfire               Conj/Fire      100%       2x1d9     0%          1

Your spell library contained the following spells:

 Spells                   Type           Power      Damage    Failure   Level
 Lehudib's Crystal Spear  Conj/Erth      38%        10d9      52%         8
 Shatter                  Erth           15%        3d15*     99%         9
 Sting                    Conj/Alch      100%       1d9       0%          1
 Momentum Strike          Conj/Tloc      100%       3d10      0%          2
 Freeze                   Ice            100%       1d10      1%          1
 Necrotise                Necr           100%       1d9       1%          1
 Slow                     Hex            100%       N/A       1%          1
 Summon Small Mammal      Summ           100%       N/A       1%          1
 Ensorcelled Hibernation  Hex/Ice        60%        N/A       1%          2
 Jinxbite                 Hex            60%        N/A       1%          2
 Lesser Beckoning         Tloc           100%       N/A       1%          2
 Dazzling Flash           Conj/Hex       100%       N/A       1%          3
 Frozen Ramparts          Ice            60%        1d10      1%          3
 Hailstorm                Conj/Ice       76%        3d13      1%          3
 Inner Flame              Hex/Fire       99%        N/A       1%          3
 Mephitic Cloud           Conj/Alch/Air  93%        N/A       1%          3
 Swiftness                Air            91%        N/A       1%          3
 Teleport Other           Tloc           80%        N/A       1%          3
 Flame Wave               Conj/Fire      100%       2d21      1%          4
 Iskenderun's Mystic Bla  Conj/Tloc      92%        2d18      (+2d11%     4
 Leda's Liquefaction      Alch/Erth      31%        N/A       1%          4
 Sticky Flame             Fire/Alch      100%       2d15      1%          4
 Summon Blazeheart Golem  Fire/Summ      99%        N/A       1%          4
 Summon Lightning Spire   Summ/Air       68%        N/A       1%          4
 Vhi's Electric Charge    Tloc/Air       100%       N/A       1%          4
 Call Canine Familiar     Summ           30%        N/A       4%          3
 Confusing Touch          Hex            30%        N/A       4%          3
 Ozocubu's Armour         Ice            30%        N/A       4%          3
 Passwall                 Erth           30%        N/A       4%          3
 Sigil of Binding         Hex            30%        N/A       4%          3
 Summon Ice Beast         Ice/Summ       30%        N/A       4%          3
 Tukima's Dance           Hex            30%        N/A       4%          3
 Vampiric Draining        Necr           30%        2d8       4%          3
 Animate Armour           Summ/Erth      60%        N/A       12%         4
 Animate Dead             Necr           30%        N/A       12%         4
 Martyr's Knell           Necr/Summ      30%        N/A       12%         4
 Yara's Violent Unravell  Hex/Alch       31%        3d13      1%          5
 Starburst                Conj/Fire      64%        6d17      1%          6
 Bombard                  Conj/Erth      38%        9d7       2%          6
 Ignition                 Fire           64%        3d17      2%          8
 Silence                  Hex/Air        34%        N/A       3%          5
 Lee's Rapid Deconstruct  Erth           15%        3d10*     9%          5
 Maxwell's Capacitive Co  Air            45%        ∞         14%         8
 Sculpt Simulacrum        Ice/Alch       31%        N/A       24%         6
 Curse of Agony           Necr           30%        N/A       32%         5
 Metabolic Englaciation   Hex/Ice        15%        N/A       32%         5
 Summon Mana Viper        Hex/Summ       30%        N/A       32%         5
 Permafrost Eruption      Ice/Erth       15%        2x4d5     38%         6
 Malign Gateway           Summ/Tloc      30%        N/A       82%         7
 Summon Cactus Giant      Summ           15%        N/A       86%         6
 Haunt                    Necr/Summ      15%        N/A       100%        7
 Monstrous Menagerie      Summ           15%        N/A       100%        7
 Infestation              Necr           15%        N/A       100%        8
 Summon Horrible Things   Summ           15%        N/A       100%        8


Dungeon Overview and Level Annotations

Branches:
Dungeon (15/15)            Temple (0/1) D:7            Lair (5/5) D:9
 Shoals (4/4) Lair:2        Snake (4/4) Lair:2          Orc (2/2) D:9
    Elf (2/3) Orc:2        Vaults (2/5) D:13         Depths (0/4) D:15
 Bailey (visited)
  Slime: Lair:4-5     Crypt: Vaults:2-3

Altars:
Ashenzari
Cheibriados
Fedhas
Gozag
Kikubaaqudgha
Nemelex Xobeh
Okawaru
Qazlal
Sif Muna
Uskayaw
Vehumet
Wu Jian
Xom
Yredelemnul
Beogh

Shops:
D:5 =:   D:10 (*?*   D:13 *   Orc:2 [::?*   Elf:2 [   Snake:2 ![   Vaults:1 *

Annotations:
D:4 Pikel
D:5 1 runed translucent door, Crazy Yiuf
D:8 exclusion: 2 lava snakes
Lair:3 exclusion: 3 doors
Elf:2 3 runed translucent doors


Innate Abilities, Weirdness & Mutations

You are resistant to unholy torment.
When hurt, damage is shared between your health and your magic reserves.
You regenerate magic rapidly.
When seriously injured, your blood forms armour. (AC +6)
You punish those that try to bend your will. (Will+)
You have a sharp stinger which inflicts weakening toxins.
You are darkly shadowed, frequently releasing foul flame when damaged in melee.


Message History

Unknown command.
Unknown command.
Casting: Fulminant Prism (safe; 1% risk of failure)
Confirm with . or Enter, or press ? or * to list all spells.
Aiming: Fulminant Prism (safe; 1% risk of failure)
Press: ? - help, Dir - move target You feel a surge of power!
You conjure a prism of explosive energy!
A fulminant prism comes into view.
You block the searing wretch's attack. The searing wretch closely misses you.
Your fulminant prism crackles loudly.
Unknown command.
You closely miss the searing wretch. You tail-slap the searing wretch.
The searing wretch is heavily damaged.
You block the searing wretch's attack. The searing wretch bites you.
The searing wretch is seared by the foul flame within you!
The searing wretch resists.
The searing wretch is heavily damaged.
Your fulminant prism crackles loudly.
Your fulminant prism explodes!
The blast of energy engulfs the searing wretch!!!
The searing wretch is severely damaged.
The searing wretch claws you!!!
Your blood congeals into armour.
You are engulfed in flames!!
The searing wretch bites you.
Unknown command.
Aiming: Warp Space
Press: ? - help, Shift-Dir - straight line Space twists violently!
The rupture engulfs the searing wretch!
The searing wretch is severely damaged.
The rupture engulfs your fulminant prism.
Your fulminant prism is moderately damaged.
Your fulminant prism explodes!
The blast of energy engulfs the searing wretch!!
The searing wretch is almost destroyed.
The searing wretch claws you!!
* * * LOW HITPOINT WARNING * * *
You are engulfed in flames!!
* * * LOW HITPOINT WARNING * * *
The searing wretch bites you!!
You die...

#####+##
#......#
#......#
#......#
#......#
#...<..#
#..=...#
#...)..#
#####@##
...)..n........
....)..........
.[..)..........
).$............
.[.............
############...
...


You could see a searing wretch.

Vanquished Creatures
  Vashnia (Snake:4)
  Saint Roka (Vaults:2)
  The ghost of Eseiphumn the Warrior, an adept MeFi of Zin (Elf:1)
  Rupert (Lair:4)
  Jorgrun (D:14)
  Mlioglotl (Snake:4)
  An ancient champion (Elf:1)
  A sphinx (Vaults:1)
  Polyphemus (Shoals:4)
  A kraken (Shoals:4)
  Agnes (Elf:1)
  A tengu reaver (D:15)
  Frances (D:14)
  Kirke (D:14)
  7 nagarajas
  Donald (Snake:1)
  7 ironbound preservers (Vaults:1)
  2 ironbound thunderhulks (Vaults:1)
  An angel (Shoals:4)
  Nessos (D:12)
  An apis (Shoals:3)
  A dire elephant (Vaults:1)
  Azrael (D:12)
  Snorg (Lair:4)
  9 merfolk javelineers
  15 merfolk impalers
  2 yaktaur captains
  2 ice dragons (D:15)
  A great orb of eyes (Vaults:2)
  Erolcha (Orc:2)
  4 hydras
  4 merfolk avatars
  A catoblepas (Shoals:4)
  4 ogre magi
  Fannar (Orc:1)
  3 alligator snapping turtles
  An ironbound frostheart (Vaults:1)
  6 centaur warriors
  7 anacondas
  A death knight (D:14)
  9 dancing weapons
  14 two-headed ogres
  9 merfolk aquamancers
  A tengu warrior (D:15)
  9 death yaks
  5 satyrs
  3 boulder beetles
  3 orc high priests (Vaults:2)
  17 naga warriors
  A deep troll earth mage (D:15)
  24 naga sharpshooters
  Urug (Lair:2)
  8 shock serpents
  Nergalle (D:10)
  A hell knight (Vaults:2)
  Amaemon (D:10)
  9 skysharks
  8 deep elf knights
  7 salamander mystics
  9 naga ritualists
  A skeletal warrior (D:14)
  8 sea snakes
  Lodul (D:14)
  8 mana vipers
  21 deep trolls (Vaults:1)
  3 cherubim (Shoals:4)
  A spectral anaconda (Snake:4)
  An ironbound convoker (Vaults:1)
  9 deep elf archers
  16 deep elf pyromancers
  4 thermic dynamos
  A tengu zombie (Vaults:1)
  4 orc knights
  3 obsidian bats (Orc:2)
  18 deep elf zephyrmancers
  12 harpies
  2 necromancers
  10 orc sorcerers
  20 fauns
  4 ugly things
  6 cyclopes
  An oklob plant (Snake:2)
  6 elephants (Lair:3)
  18 manticores
  28 salamanders
  A fire giant skeleton (Vaults:1)
  9 merfolk sirens
  A meliai (D:13)
  A meliai (shapeshifter) (Elf:1)
  4 kobold blastminers
  6 water nymphs
  2 vault sentinels (Vaults:1)
  43 black mambas
  6 guardian serpents
  3 gargoyles
  A spectral sea snake (Snake:4)
  24 naga magi
  An orange demon (D:10)
  4 kobold demonologists
  An unseen horror (D:10)
  11 cane toads
  3 efreet
  An unseen horror (shapeshifter) (Elf:1)
  9 yaktaurs
  3 rime drakes
  A freezing wraith (D:15)
  3 komodo dragons
  An anaconda simulacrum (Snake:4)
  A tengu conjurer (D:15)
  11 trolls
  A sea snake skeleton (Snake:4)
  2 polar bears (Lair:2)
  35 merfolk
  A hornet (D:15)
  A polar bear (shapeshifter) (Elf:1)
  An ettin zombie (Vaults:1)
  Prince Ribbit (D:6)
  4 wind drakes (Shoals:2)
  2 spectral guardian serpents (Snake:4)
  13 blink frogs
  10 snapping turtles
  7 dream sheep
  5 slime creatures
  A guardian serpent skeleton (Snake:4)
  3 shadows
  A spriggan (shapeshifter) (Elf:1)
  18 water elementals
  4 air elementals (Elf:1)
  A yak (shapeshifter) (D:12)
  7 hogs (D:14)
  5 wraiths
  Eustachio (D:6)
  A human (shapeshifter) (Elf:2)
  6 basilisks
  6 fire elementals
  5 wyverns
  An unseen horror simulacrum (D:9)
  55 yaks
  4 steam dragons
  5 wargs
  8 vampire mosquitoes
  A human zombie (Vaults:1)
  47 nagas
  10 water moccasins
  An acid dragon (D:11)
  2 hell hounds (D:11)
  3 guardian serpent simulacra (Snake:4)
  9 orc warriors
  2 ice beasts
  An ice beast (shapeshifter) (Elf:1)
  A black bear (Lair:2)
  19 ogres
  8 wolves
  4 centaurs (D:15)
  4 lemures (D:4)
  2 phantoms
  9 kobold brigands
  Blork the orc (D:4)
  15 bullfrogs
  2 earth elementals
  A brain worm (shapeshifter) (Elf:1)
  2 gnoll sergeants (D:9)
  A bullfrog (shapeshifter) (Elf:1)
  6 naga simulacra (Snake:4)
  6 scorpions
  10 wights
  11 killer bees
  A spectral naga (Snake:4)
  7 electric eels
  6 howler monkeys
  2 crimson imps (D:10)
  A hound (D:6)
  A bombardier beetle (D:5)
  2 jellies
  9 orc priests
  2 gnoll boudas
  4 iguanas
  28 orc wizards
  8 hell rats
  2 naga skeletons (Snake:4)
  7 adders
  20 gnolls
  5 white imps
  A howler monkey simulacrum (D:9)
  An ufetubus (D:9)
  A dart slug (D:5)
  50 orcs
  4 endoplasms
  20 goblins
  16 hobgoblins
  3 jackals (D:1)
  32 kobolds
  8 quokkas
  5 ball pythons
  8 bats
  2 frilled lizards
  5 rats
  A tentacle (Shoals:4)
1251 creatures vanquished.

Vanquished Creatures (collateral kills)
  A dancing weapon (Elf:1)
  A deep elf knight (Elf:1)
  A deep elf zephyrmancer (Elf:1)
  9 foxfires
12 creatures vanquished.

Vanquished Creatures (others)
  1352 foxfires
  32 fulminant prisms
  3 tentacles (Shoals:4)
1387 creatures vanquished.

Grand Total: 2650 creatures vanquished

Notes
Turn   | Place    | Note
-------+----------+-------------------------------------------
     0 | D:1      | Turgor the Demonspawn Fire Elementalist began the quest for
                  | the Orb.
     0 | D:1      | Reached XP level 1. HP: 13/13 MP: 3/3
   259 | D:1      | Reached skill level 3 in Fire Magic
   269 | D:1      | Gained mutation: You regenerate magic rapidly. [demonic
                  | ancestry]
   269 | D:1      | Reached XP level 2. HP: 19/19 MP: 0/5
   588 | D:1      | Gained mutation: You are faintly shadowed, very rarely
                  | releasing foul flame when damaged in melee. [demonic
                  | ancestry]
   588 | D:1      | Reached XP level 3. HP: 24/24 MP: 3/6
  1365 | D:2      | Reached XP level 4. HP: 30/30 MP: 5/7
  1398 | D:3      | Learned a level 2 spell: Scorch
  1402 | D:3      | Learned a level 3 spell: Volatile Blastmotes
  1453 | D:3      | Reached skill level 4 in Fire Magic
  1757 | D:3      | Reached skill level 1 in Translocations
  1856 | D:3      | Gained mutation: You have a small tail. [demonic ancestry]
  1856 | D:3      | Reached XP level 5. HP: 35/35 MP: 3/8
  2509 | D:4      | Noticed Pikel
  2509 | D:4      | Noticed a lemure
  2509 | D:4      | Noticed a lemure
  2510 | D:4      | Noticed a lemure
  2651 | D:4      | Found a shimmering blue altar of Sif Muna.
  2681 | D:4      | Noticed Blork the orc
  2717 | D:4      | Killed Blork the orc
  2718 | D:4      | Gained mutation: When hurt, damage is shared between your
                  | health and your magic reserves. [demonic ancestry]
  2718 | D:4      | Reached XP level 6. HP: 41/41 MP: 4/9
  2729 | D:4      | Reached skill level 5 in Fire Magic
  2732 | D:4      | Learned a level 2 spell: Blink
  3671 | D:4      | Paralysed by Pikel for 3 turns
  3684 | D:5      | Entered Level 5 of the Dungeon
  3744 | D:5      | Gained mutation: You are shadowed, sometimes releasing foul
                  | flame when damaged in melee. [demonic ancestry]
  3744 | D:5      | Reached XP level 7. HP: 44/46 MP: 3/10
  3786 | D:5      | Found a basalt altar of Yredelemnul.
  3844 | D:5      | Found a radiant altar of Vehumet.
  3864 | D:5      | Became a worshipper of Vehumet
  3922 | D:5      | Found Verom's Tremendous Tomes.
  4020 | D:5      | Found an ornate altar of the Wu Jian Council.
  4168 | D:4      | Reached skill level 6 in Fire Magic
  4190 | D:5      | Learned a level 2 spell: Momentum Strike
  4269 | D:5      | Gained mutation: You have a tail ending in a sharp stinger.
                  | [demonic ancestry]
  4269 | D:5      | Reached XP level 8. HP: 52/52 MP: 3/11
  4311 | D:5      | Found Gusuradd's Jewellery Shoppe.
  4355 | D:5      | Found an iron altar of Okawaru.
  4429 | D:5      | Found a broken altar of Ashenzari.
  4587 | D:5      | Found a runed translucent door.
  4588 | D:5      | Noticed Crazy Yiuf
  4845 | D:6      | Found an opulent altar of Gozag.
  4897 | D:6      | Reached skill level 5 in Translocations
  5018 | D:6      | Noticed Prince Ribbit
  5028 | D:6      | Killed Prince Ribbit
  5029 | D:6      | Reached skill level 5 in Conjurations
  5044 | D:6      | Reached skill level 7 in Fire Magic
  5420 | D:6      | Found a hide-covered altar of Uskayaw.
  5465 | D:6      | Noticed Eustachio
  5485 | D:6      | Killed Eustachio
  5485 | D:6      | Reached * piety under Vehumet
  5485 | D:6      | Offered knowledge of Kiss of Death by Vehumet.
  5486 | D:6      | Gained mutation: You have a sharp stinger which inflicts
                  | weakening toxins. [demonic ancestry]
  5486 | D:6      | Reached XP level 9. HP: 28/57 MP: 3/13
  5767 | D:7      | Found a staircase to the Ecumenical Temple.
  5940 | D:7      | Identified the +0 robe of Winter {Rampage rElec Int-3
                  | Archmagi}
  6305 | D:7      | Identified the +9 mace "Ipoed" {speed, rPois}
  6756 | D:5      | Identified the +7 hand axe of Bejil {holy, rF+ Dex+5}
  7077 | D:8      | Found a stormy altar of Qazlal.
  7094 | D:8      | Found a flagged portal.
  7112 | Bailey   | Entered a bailey
  7141 | Bailey   | Noticed an orc knight
  7165 | Bailey   | Killed an orc knight
  7166 | Bailey   | Reached skill level 8 in Fire Magic
  7603 | Bailey   | Noticed an orc knight
  7700 | Bailey   | Offered knowledge of Sandblast by Vehumet.
  7724 | Bailey   | Killed an orc knight
  7725 | Bailey   | Reached XP level 10. HP: 63/63 MP: 8/17
  7978 | Bailey   | Reached ** piety under Vehumet
  7983 | Bailey   | Acquired a +0 pair of boots of flying
  8129 | Bailey   | Found an iron altar of Okawaru.
  8134 | Bailey   | Noticed an orc sorcerer
  8139 | Bailey   | Killed an orc sorcerer
  8140 | Bailey   | Reached skill level 5 in Spellcasting
  8147 | Bailey   | Noticed an orc sorcerer
  8155 | Bailey   | Killed an orc sorcerer
  8239 | Bailey   | Acquired Evighobe's Elucidation of the Tundra and Wildfire
  9161 | D:8      | Reached skill level 9 in Fire Magic
  9285 | D:9      | HP: 2/63 [wolf (9)]
  9298 | D:9      | Found a sparkling altar of Nemelex Xobeh.
  9425 | D:8      | Upgraded the game from 0.32-a0-834-geaf45d8e21 to
                  | 0.32-a0-859-gb0a091d592
  9430 | D:8      | Learned a level 4 spell: Flame Wave
  9586 | D:9      | Reached skill level 1 in Shields
  9632 | D:9      | Reached skill level 1 in Fighting
  9744 | D:9      | Found a staircase to the Lair.
  9809 | D:9      | Offered knowledge of Frozen Ramparts by Vehumet.
  9956 | D:9      | Reached XP level 11. HP: 61/72 MP: 9/20
  9956 | D:9      | Reached *** piety under Vehumet
 10075 | D:9      | Found a staircase to the Orcish Mines.
 10542 | D:9      | Noticed a two-headed ogre
 10556 | D:9      | Killed a two-headed ogre
 10556 | D:9      | Offered knowledge of Dazzling Flash by Vehumet.
 11044 | D:10     | Entered Level 10 of the Dungeon
 11048 | D:10     | Found Damp's General Store.
 11231 | D:10     | Noticed Amaemon
 11244 | D:10     | Killed Amaemon
 11347 | D:10     | Noticed Nergalle
 11394 | D:10     | Found Yheresm's Magic Scroll Shop.
 11402 | D:10     | Bought a scroll of vulnerability for 52 gold pieces
 11402 | D:10     | Bought a scroll of identify for 26 gold pieces
 11402 | D:10     | Bought a scroll of identify for 26 gold pieces
 11535 | D:10     | Reached **** piety under Vehumet
 11657 | D:10     | Killed Nergalle
 11764 | D:10     | Found Pausitu's Antique Weapon Shoppe.
 11811 | D:10     | Found a shimmering altar of Xom.
 11971 | D:10     | Found Zyphit's Assorted Antiques.
 11977 | D:10     | Reached skill level 5 in Shields
 11983 | D:10     | Bought a scroll labelled IBUSOE VOKHLE for 36 gold pieces
 11983 | D:10     | Bought an amethyst potion for 32 gold pieces
 12213 | D:10     | Reached skill level 5 in Stealth
 12215 | D:10     | Offered knowledge of Iskenderun's Battlesphere by Vehumet.
 12270 | D:10     | Noticed a two-headed ogre
 12297 | D:10     | Killed a two-headed ogre
 12298 | D:10     | Reached skill level 5 in Fighting
 12298 | D:10     | Reached skill level 5 in Dodging
 12411 | D:10     | Bought a jewelled troll leather armour for 720 gold pieces
 12411 | D:10     | Identified the +1 troll leather armour "Gulazxo" {rF++
                  | Regen+ MP+9 Str+3 Int-5} (You bought it in a shop on level
                  | 10 of the Dungeon)
 12505 | Lair:1   | Entered Level 1 of the Lair of Beasts
 12544 | Lair:1   | Noticed Urug
 12679 | Lair:1   | Reached XP level 12. HP: 87/87 MP: 19/21
 12679 | Lair:1   | Gained mutation: You are darkly shadowed, frequently
                  | releasing foul flame when damaged in melee. [demonic
                  | ancestry]
 12679 | Lair:1   | Reached XP level 13. HP: 95/95 MP: 19/23
 12785 | Lair:1   | Reached ***** piety under Vehumet
 12930 | Lair:1   | Offered knowledge of Arcjolt by Vehumet.
 13218 | Lair:1   | Upgraded the game from 0.32-a0-859-gb0a091d592 to
                  | 0.32-a0-868-g153ae1a8d6
 13892 | Lair:2   | You are sucked into a shaft and drop 1 floor!
 14399 | Lair:2   | Killed Urug
 14470 | Lair:2   | Learned a level 6 spell: Plasma Beam
 14479 | Lair:2   | Learned a level 8 spell: Ignition
 14562 | Lair:2   | Found a staircase to the Snake Pit.
 15057 | Lair:2   | Reached skill level 1 in Air Magic
 15228 | Lair:2   | Found a staircase to the Shoals.
 15550 | Lair:3   | Offered knowledge of Ignite Poison by Vehumet.
 15825 | Lair:3   | Reached skill level 10 in Fire Magic
 16050 | Lair:3   | Reached XP level 14. HP: 75/108 MP: 13/26
 16229 | Lair:3   | Learned a level 4 spell: Ignite Poison
 16682 | Lair:4   | Noticed Snorg
 16694 | Lair:4   | Killed Snorg
 16963 | Lair:4   | Noticed Rupert
 17672 | Lair:5   | Entered Level 5 of the Lair of Beasts
 17959 | Orc:1    | Entered Level 1 of the Orcish Mines
 17959 | Orc:1    | Noticed Fannar
 17961 | Orc:1    | Killed Fannar
 18087 | Orc:2    | Entered Level 2 of the Orcish Mines
 18176 | Orc:2    | Reached skill level 5 in Air Magic
 18804 | Orc:2    | Reached skill level 11 in Fire Magic
 19180 | Orc:2    | Offered knowledge of Yara's Violent Unravelling by Vehumet.
 19194 | Orc:2    | Found Periwe's Practical Paraphernalia.
 19234 | Orc:2    | Found a staircase to the Elven Halls.
 19402 | Orc:2    | Found Xoireud's Magic Scroll Emporium.
 19423 | Orc:2    | Found an ancient bone altar of Kikubaaqudgha.
 19678 | Orc:2    | Found Elab Tergh's Book Shoppe.
 19753 | Orc:2    | Noticed Erolcha
 19807 | Orc:2    | Killed Erolcha
 19916 | Orc:2    | Found a radiant altar of Vehumet.
 19996 | Orc:2    | Found a roughly hewn altar of Beogh.
 19996 | Orc:2    | Found Zibid's Book Shoppe.
 20058 | Orc:2    | Found Vaumacwotu's Antique Armour Emporium.
 20068 | Orc:2    | Bought a scorched scale mail for 252 gold pieces
 20068 | Orc:2    | Identified the +0 scale mail of Arcadian Liberty {-Tele
                  | rElec Dex+3 Slay+3} (You bought it in a shop on level 2 of
                  | the Orcish Mines)
 20068 | Orc:2    | Bought an ancient chain mail for 266 gold pieces
 20068 | Orc:2    | Identified the +8 chain mail "Zauf" {*Slow rPois Dex+2}
                  | (You bought it in a shop on level 2 of the Orcish Mines)
 21806 | D:12     | Noticed Azrael
 21854 | D:12     | Killed Azrael
 21869 | D:11     | Reached XP level 15. HP: 55/115 MP: 9/28
 22322 | D:12     | Noticed Nessos
 22329 | D:12     | Killed Nessos
 22330 | D:12     | Reached skill level 12 in Fire Magic
 22953 | D:12     | Reached skill level 10 in Fighting
 23203 | D:12     | Learned a level 4 spell: Fulminant Prism
 23236 | D:13     | Found a blossoming altar of Fedhas.
 23393 | D:13     | Found Weshuhew's Assorted Antiques.
 23429 | D:13     | Bought a ruby potion for 29 gold pieces
 23597 | D:13     | Reached skill level 1 in Alchemy
 23638 | D:13     | Found a gate to the Vaults.
 24080 | D:14     | Noticed Jorgrun
 24108 | D:14     | Killed Jorgrun
 24201 | D:14     | You are sucked into a shaft and drop 1 floor!
 24201 | D:15     | Entered Level 15 of the Dungeon
 24202 | D:15     | Found a staircase to the Depths.
 24310 | D:14     | Reached skill level 10 in Spellcasting
 24792 | D:14     | Noticed Frances
 24816 | D:14     | Killed Frances
 24937 | D:14     | Noticed Lodul
 24939 | D:14     | Killed Lodul
 25063 | D:14     | Offered knowledge of Eringya's Noxious Bog by Vehumet.
 25348 | D:14     | Noticed Kirke
 25351 | D:14     | Killed Kirke
 25763 | D:15     | Identified the +8 morningstar of Ydidaxt {elec, rC+ SInv}
 25763 | D:15     | Identified the ring of Gekh {Wiz MP+9 Str+2 Slay+3}
 26043 | D:15     | Reached skill level 5 in Alchemy
 26099 | D:15     | Learned a level 4 spell: Passage of Golubria
 26270 | D:15     | Noticed a tengu reaver
 26279 | D:15     | Killed a tengu reaver
 27279 | Snake:1  | Entered Level 1 of the Snake Pit
 27381 | Snake:1  | Reached skill level 10 in Conjurations
 27567 | Snake:1  | Gained mutation: You punish those that try to bend your
                  | will. (Will+) [demonic ancestry]
 27567 | Snake:1  | Reached XP level 16. HP: 122/122 MP: 30/30
 28400 | Snake:1  | Noticed Donald
 28402 | Snake:1  | Killed Donald
 28515 | Snake:1  | Found a transporter.
 28517 | Snake:1  | Found a transporter.
 28531 | Snake:1  | Reached ****** piety under Vehumet
 28679 | Snake:1  | Offered knowledge of Fireball by Vehumet.
 28680 | Snake:1  | Reached skill level 10 in Air Magic
 28719 | Snake:1  | Identified the amulet "Xakichij" {Acrobat Str+3}
 29027 | Snake:2  | Found an iron altar of Okawaru.
 29190 | Snake:2  | Learned a level 5 spell: Fireball
 29259 | Snake:2  | Reached skill level 13 in Fire Magic
 29435 | Snake:2  | You are sucked into a shaft and drop 1 floor!
 30193 | Snake:2  | Found Evafial's Armour Emporium.
 30193 | Snake:2  | Found Raywytegg's Distillery.
 30512 | Snake:2  | Upgraded the game from 0.32-a0-868-g153ae1a8d6 to
                  | 0.32-a0-871-ge202e49faa
 30834 | Snake:3  | Offered knowledge of Irradiate by Vehumet.
 31362 | Snake:3  | Reached skill level 10 in Alchemy
 31437 | Snake:3  | Reached XP level 17. HP: 128/128 MP: 30/32
 31536 | Snake:2  | Learned a level 5 spell: Irradiate
 32099 | Snake:4  | Entered Level 4 of the Snake Pit
 32114 | Snake:4  | Reached skill level 14 in Fire Magic
 32419 | Snake:4  | Offered knowledge of Conjure Ball Lightning by Vehumet.
 32459 | Snake:4  | Identified the +0 leather armour "Cautwi Xolatz" {-Cast rN+
                  | Regen+ Slay+5}
 32580 | Snake:4  | Noticed Vashnia
 32585 | Snake:4  | Killed Vashnia
 32817 | Snake:4  | Noticed Mlioglotl
 32822 | Snake:4  | Killed Mlioglotl
 33637 | Snake:4  | Reached skill level 15 in Fire Magic
 33860 | Snake:4  | Found a snail-covered altar of Cheibriados.
 34180 | Snake:4  | Got a serpentine rune of Zot
 34376 | Lair:4   | Killed Rupert
 34454 | Shoals:1 | Entered Level 1 of the Shoals
 34462 | Shoals:1 | Gained mutation: When seriously injured, your blood forms
                  | armour. (AC +6) [demonic ancestry]
 34462 | Shoals:1 | Reached XP level 18. HP: 129/138 MP: 24/34
 36031 | Shoals:2 | Offered knowledge of Lehudib's Crystal Spear by Vehumet.
 36031 | Shoals:2 | Offered knowledge of Fire Storm by Vehumet.
 36031 | Shoals:2 | Offered knowledge of Shatter by Vehumet.
 36168 | Shoals:2 | Got the Book of Imprecation and the Mob
 37033 | Shoals:3 | Identified the +5 ring mail of Midnight {rF+ Will+ Slay+2
                  | Stlth-}
 37899 | Shoals:4 | Entered Level 4 of the Shoals
 38841 | Shoals:4 | Reached XP level 19. HP: 134/146 MP: 24/37
 39403 | Shoals:4 | Noticed Polyphemus
 39576 | Shoals:4 | Killed Polyphemus
 39779 | Shoals:3 | Learned a level 9 spell: Fire Storm
 39802 | Shoals:4 | Identified the staff of Guodoumn {rF+ rC+ rN+ rCorr Necro}
 39862 | Shoals:4 | Identified the +6 sling "Jellyslayer" {antimagic, Fly
                  | Str+3}
 39865 | Shoals:4 | Reached skill level 15 in Spellcasting
 39869 | Shoals:4 | Identified the staff "Ejol" {Will++ Dex+3 Stlth+ Conj Ice}
 40148 | Shoals:4 | Got a barnacled rune of Zot
 40616 | D:5      | Identified the amulet "Ovvan" {Reflect rElec rC++ rCorr
                  | Int-4 SH+5}
 40828 | Elf:1    | Entered Level 1 of the Elven Halls
 40833 | Elf:1    | Paralysed by an air elemental for 1 turns
 41489 | Elf:1    | Noticed Eseiphumn's ghost (adept MeFi)
 41681 | Elf:1    | Found a runed translucent door.
 41805 | Elf:1    | Noticed Agnes
 41814 | Elf:1    | Killed Agnes
 41957 | Elf:1    | Got Zuheel's Opusculum on Impurities
 41967 | Elf:1    | Identified the +1 hat of Urihoges {rN+}
 42276 | Elf:1    | Killed Eseiphumn's ghost
 42442 | Elf:2    | Found Segyc's Armour Shop.
 42455 | Elf:2    | Bought the +3 crown of Dyrovepreva {rElec Int+2 SInv} for
                  | 621 gold pieces
 42455 | Elf:2    | Found the +3 crown of Dyrovepreva {rElec Int+2 SInv}
 42942 | Elf:2    | Reached skill level 16 in Fire Magic
 43181 | Elf:2    | Found a runed translucent gate.
 43182 | Elf:2    | Found a runed translucent gate.
 43182 | Elf:2    | Found a runed translucent gate.
 43687 | Vaults:1 | Entered Level 1 of the Vaults
 43917 | Vaults:1 | Reached skill level 15 in Conjurations
 44426 | Vaults:1 | Gained mutation: You are resistant to unholy torment.
                  | [demonic ancestry]
 44426 | Vaults:1 | Reached XP level 20. HP: 153/153 MP: 39/39
 44701 | Vaults:1 | Found Issorph's Assorted Antiques.
 44996 | Vaults:1 | Identified the +1 leather armour of Plasticity {Dex+4}
 45295 | Vaults:2 | Noticed Saint Roka
 45304 | Vaults:2 | Killed Saint Roka
 45464 | Vaults:2 | Mangled by a searing wretch

Illustrated notes

Levels and vault maps discovered:
D:1:      matt_arrival_spirals, layout_basic
D:2:      cheibrodos_greedy_goblins, layout_rooms
D:3:      layout_loops_corners
D:4:      layout_loops_ring, marbit_many_paths, uniq_pikel, uniq_blork_the_orc
D:5:      layout_basic, yredelemnul_altar_generic, evilmike_ruin_ashenzari,
          nicolae_wu_jian_glorious_leap, vehumet_crystals, okawaru_trees_2,
          serial_shops, nicolae_shop_gaudy_bauble, serial_glass,
          glass_columns_a, glass_columns_b, glass_columns_a, glass_columns_c,
          minmay_strange_pillars, due_unseen_surprise, item_on_display_a,
          item_on_display_b, st_stairs_7, nicolae_shop_i_like_big_books,
          uniq_crazy_yiuf_cottage
D:6:      layout_loops_ring, mainiacjoe_overflow_cross_hatched,
          general_overflow_altar, minmay_misc_feat_iff, uniq_eustachio,
          uniq_prince_ribbit1
D:7:      layout_loops_ring, minmay_temple_entry_ruins,
          amcnicky_mini_rare_corridor_liquid,
          nicolae_concentric_dashed_squares_mild
D:8:      layout_basic, tso_oasis_becter, nicolae_overflow_crystal_walls,
          enter_bailey_6, minmay_misc_feat_more_columns, hangedman_decor_points,
          grunt_decor_junction, minmay_misc_feat_plants
D:9:      layout_roguey, mainiacjoe_overflow_tiny_flanked,
          erik_lair_orcish_takeover, erik_orc_3, serial_ice, serial_ice_o,
          serial_ice_f, serial_ice_m, serial_ice_i
D:10:     minmay_polygon_palace, layout_loops_ring, led_xom_imps, serial_shops,
          shop, nicolae_shop_getting_attention, nicolae_shop_hallway_stairs,
          nicolae_shop_tiny_glass, uniq_amaemon, uniq_nergalle
D:11:     layout_grid_maze
D:12:     layout_basic, uniq_nessos, uniq_azrael
D:13:     layout_gridville, hellmonk_vaults_attempted_burglary, serial_shops,
          shop_statue, fedhas_altar_fruit_tree
D:14:     layout_loops_ring, bh_walls_and_bars, uniq_jorgrun, uniq_frances,
          uniq_lodul, uniq_kirke
D:15:     grunt_enter_depths_hoard, layout_basic, nicolae_benzene_ring,
          minmay_the_grid_2x2 [minmay_the_grid_spin_star,
          minmay_the_grid_garden, minmay_the_grid_large_cup,
          minmay_the_grid_prize_diamond_cup]
Lair:1:   layout_chaotic_city, grunt_megastairs_3, lemuel_fruit_tree,
          infiniplex_staircase_pool, uniq_urug
Lair:2:   layout_layer_cave, minmay_shoals_entry_hut,
          guppyfry_snake_entry_island, chequers_serial_rivers_micro_b,
          chequers_serial_rivers_micro_e, grunt_forest_small_clearings,
          dreamdust_gnoll_shepherd
Lair:3:   layout_long_grid, bh_autumn_forest_stairs
Lair:4:   layout_regular_city, infiniplex_staircase_pool_2,
          serial_bayou_shore_a, uniq_snorg, uniq_rupert
Lair:5:   hangedman_lair_in_review, layout_regular_city,
          dpeg_slime_entry_enclosed, guppyfry_lair_drakes, lemuel_fruit_fields
Shoals:1: layout_shoals
Shoals:2: layout_shoals
Shoals:3: layout_shoals
Shoals:4: shoals_end_hellmonk_holy_island, uniq_polyphemus
Snake:1:  gammafunk_the_bubble [the_bubble_gammafunk_plus_minus], layout_onion,
          grunt_ministairs_14, nicolae_snake_yet_another_twisty_hallway,
          uniq_donald
Snake:2:  layout_cave_town, lemuel_oklob_altar, minmay_shoptagon
Snake:3:  layout_rooms, nicolae_snake_salamander_jacuzzi
Snake:4:  snake_pit, layout_cave_town, basic_altar,
          nicolae_snake_the_dead_are_slithering, uniq_vashnia, uniq_mlioglotl
Orc:1:    layout_diamond_mine, basic_altar, uniq_fannar, uniq_josephine
Orc:2:    kennysheep_orc_mage_school, layout_caves, nicolae_orc_pool_cavern,
          nicolae_alphabet_shops
Elf:1:    nicolae_elf_arrival_aired_out, layout_loops_ring,
          hellmonk_ghost_big_iron, nicolae_elf_shapeshifter_party, uniq_agnes
Elf:2:    nicolae_elf_blades_crystal_corner, layout_geoelf_diagonals,
          serial_shops, nicolae_shop_waterfront
Vaults:1: v_alt_pattern_4, grunt_vaults_funnel,
          nicolae_vaults_closet_pinwheel_6, nicolae_vaults_back_hallway,
          nicolae_vaults_little_squares_6, nicolae_vaults_tetromino_T_1,
          nicolae_vaults_shelves_hall, ontoclasm_vaults_loading_screen,
          vaults_dpeg_ring, nicolae_vaults_heart-shaped_vault,
          nicolae_vaults_weapon_check, layout_vaults_omnicross, serial_shops,
          nicolae_shop_back_alley_shop
Vaults:2: grunt_vaults_swirl, vaults_mumra_hexcomb,
          vaults_mumra_minichess_inversion, nicolae_vaults_oozy_zoo,
          minmay_crypt_entry_simple_walls, hangedman_vaults_hat,
          nicolae_vaults_sealed_display, nicolae_vaults_storage_closets_1,
          ontoclasm_vaults_hangar, v_misc_16, v_misc_16, ontoclasm_vaults_tryst,
          layout_vaults_ring, uniq_saint_roka, uniq_margery

Skill      XL: |  1  2  3  4  5  6  7  8  9 10 11 12 13 14 15 16 17 18 19 |
---------------+----------------------------------------------------------+-----
Fire Magic     | 3 4 5 6 7 8 9 10 11 12 13 15 16 | 16.9
Conjurations   | 2 3 4 5 7 8 9 10 11 12 15 | 15.8
Translocations | 1 2 3 4 5 7 8 9 |  9.0
Spellcasting   | 4 6 8 9 10 11 12 14 15 | 15.0
Dodging        | 2 5 7 9 |  9.0
Stealth        | 2 5 |  5.0
Shields        | 2 5 |  5.0
Fighting       | 1 5 6 9 10 11 12 | 12.0
Air Magic      | 3 7 9 10 11 12 | 12.0
Alchemy        | 5 10 | 10.0

Action                     |  1- 3 |  4- 6 |  7- 9 | 10-12 | 13-15 | 16-18 | 19-21 || total
---------------------------+-------+-------+-------+-------+-------+-------+-------++-------
  Melee: Unarmed           |    11 |       |       |       |       |       |       ||    11
         Spear             |    18 |    37 |    19 |       |       |       |       ||    74
         Tailslap          |       |     2 |     1 |     5 |    12 |     2 |     4 ||    26
         Mace              |       |       |    13 |    31 |    95 |       |       ||   139
         Morningstar       |       |       |       |       |     2 |       |       ||     2
         Staff             |       |       |       |       |       |    11 |    12 ||    23
  Throw: Dart              |       |     2 |     2 |       |    55 |       |       ||    59
         Throwing net      |       |       |       |       |     2 |       |       ||     2
         Javelin           |       |       |       |       |       |       |     2 ||     2
   Cast: Foxfire           |    63 |    90 |   132 |   130 |   364 |       |       ||   779
         Scorch            |       |    11 |    43 |    83 |   154 |     2 |       ||   293
         Blink             |       |       |     9 |     6 |     2 |     4 |     9 ||    30
         Momentum Strike   |       |       |     6 |     6 |     2 |       |       ||    14
         Volatile Blastmot |       |       |     9 |    37 |       |       |       ||    46
         Flame Wave        |       |       |       |    31 |    46 |       |       ||    77
         Plasma Beam       |       |       |       |       |   184 |   298 |    76 ||   558
         Ignite Poison     |       |       |       |       |     5 |     1 |       ||     6
         Fulminant Prism   |       |       |       |       |     4 |     2 |    26 ||    32
         Fireball          |       |       |       |       |       |   322 |   193 ||   515
  Evoke: Wand              |       |       |    13 |     7 |    16 |    23 |     4 ||    63
         Lightning rod     |       |       |       |       |     2 |     9 |     2 ||    13
         Phial of floods   |       |       |       |       |       |     1 |       ||     1
         Condenser vane    |       |       |       |       |       |     1 |       ||     1
    Use: Scroll            |       |    12 |     9 |     9 |    12 |    13 |     2 ||    57
         Potion            |       |       |     4 |     2 |     3 |     7 |     1 ||    17
   Stab: Paralysed         |       |       |     2 |     3 |       |       |       ||     5
 Armour: Robe              |    15 |    26 |    44 |    60 |   226 |   194 |    79 ||   644
  Dodge: Dodged            |    27 |    30 |    48 |    68 |   225 |   149 |    42 ||   589
  Block: Buckler           |       |       |       |     6 |    61 |    73 |    25 ||   165

Table legend: (Time is in decaauts)
 A = Elapsed time spent in this place.
 B = Non-inter-level travel time spent in this place.
 C = Inter-level travel time spent in this place.
 D = Time resting spent in this place.
 E = Time spent auto-exploring this place.
 F = Levels seen in this place.
 G = Mean time per level.
                   A        B        C        D        E       F      G
               +--------+--------+--------+--------+--------+-----+--------+
         Total |  45503 |  42426 |   3077 |   9537 |  22849 |  35 | 1300.1 |
       Dungeon |  18931 |  17266 |   1665 |   2439 |  10390 |  15 | 1262.1 |
          Lair |   5879 |   5490 |    389 |    730 |   3738 |   5 | 1175.8 |
        Shoals |   5989 |   5636 |    353 |   2116 |   2630 |   4 | 1497.2 |
     Snake Pit |   6862 |   6630 |    232 |   2505 |   2855 |   4 | 1715.5 |
  Orcish Mines |   2449 |   2199 |    250 |    424 |   1142 |   2 | 1224.5 |
   Elven Halls |   2461 |   2382 |     79 |    634 |   1257 |   2 | 1230.5 |
        Vaults |   1778 |   1671 |    107 |    411 |    678 |   2 |  889.0 |
        Bailey |   1150 |   1150 |      0 |    277 |    159 |   1 | 1150.0 |
               +--------+--------+--------+--------+--------+-----+--------+

Top non-repeatable levels by time:
Shoals:3: 2543 daAuts
   Orc:2: 2165 daAuts
 Snake:2: 1973 daAuts
 Snake:1: 1957 daAuts
  Lair:2: 1948 daAuts
 Snake:4: 1909 daAuts
    D:15: 1883 daAuts
   Elf:1: 1829 daAuts
Vaults:1: 1731 daAuts
    D:11: 1722 daAuts
     D:9: 1584 daAuts
    D:10: 1561 daAuts
     D:8: 1497 daAuts
Shoals:2: 1370 daAuts
    D:14: 1354 daAuts
